Map: Cyber Forest LE

Players

Nico - Winner!

  • Race: Protoss Protoss
  • League: Diamond
  • Spawn Location: 5:00

Iceman

  • Race: Zerg Zerg
  • League: Diamond
  • Spawn Location: 11:00

VOD

Have the link to the VOD?

Description

Time

  • Played on: Feb. 10, 2019, 4:53 p.m.
  • Length: 13:37
Show
View Real Time Build Order
Export as new Build Order

Nico Protoss - Winner!

Build Orders: 1 Gate Expand, Oracle Opening, Phoenix Opening, Archon Immortal, Archon Drop 

Get SALT Encoding   

  12  0:00  Probe  
  13  0:13  Probe  
  14  0:19  Pylon  
  14  0:23  Probe  
  15  0:33  Probe  
  15  0:40  Gateway  
  15  0:42  Probe  
  16  0:47  Assimilator  
  17  0:54  Probe  
  18  1:06  Probe  
  19  1:18  Probe  
  19  1:24  Nexus  
  20  1:38  Cybernetics Core  
  20  1:41  Probe  
  21  1:52  Assimilator  
  21  1:53  Probe  
  22  1:56  Pylon  
  22  2:05  Adept, Probe  
  25  2:17  Probe  
  26  2:25  Stargate  
  26  2:29  Probe  
  27  2:35  Adept  
  27  2:36  Probe  
  28  2:37  Probe  
  30  2:44  Probe  
  30  2:45  Probe  
  32  2:54  Probe  
  32  2:55  Probe  
  34  3:06  Probe  
  34  3:07  Probe  
  34  3:08  Warp Gate  
  34  3:12  Phoenix  
  38  3:18  Probe  
  40  3:20  Probe  
  40  3:27  Pylon  
  40  3:30  Assimilator, Probe  
  40  3:32  Assimilator, Probe  
  42  3:37  Oracle  
  42  3:38  Pylon  
  45  3:42  Probe  
  45  3:45  Probe  
  47  3:50  Robotics Facility  
  47  3:52  Probe  
  47  3:54  Probe  
  48  4:00  Probe  
  48  4:02  Probe  
  49  4:09  Probe  
  51  4:10  Twilight Council  
  51  4:12  Gateway  
  51  4:14  Gateway  
  51  4:16  Probe  
  53  4:21  Probe  
  54  4:28  Probe  
  54  4:30  Pylon  
  55  4:33  Probe  
  55  4:34  Warp Prism  
  56  4:40  Charge, Probe  
  59  4:50  Probe  
  60  5:01  Templar Archives  
  60  5:05  Pylon, Nexus  
  60  5:09  Pylon, Probe x2  
  62  5:17  Observer  
  63  5:21  Probe  
  63  5:23  Probe  
  63  5:26  Pylon  
  65  5:33  Probe  
  65  5:34  Forge  
  65  5:35  Probe  
  67  5:42  High Templar x2  
  69  5:43  High Templar  
  69  5:46  Probe  
  69  5:47  Probe, Archon  
  75  5:51  Immortal  
  75  5:58  Probe  
  75  5:59  Probe  
  75  6:02  Protoss Ground Weapons Level 1, Robotics Facility  
  80  6:11  Probe  
  80  6:12  Assimilator  
  80  6:14  Probe  
  80  6:15  Assimilator, High Templar  
  80  6:17  Zealot x2  
  88  6:18  Pylon  
  88  6:19  Archon  
  88  6:23  Probe  
  89  6:33  Gateway  
  89  6:35  Gateway  
  89  6:36  Gateway  
  89  6:38  Gateway  
  88  6:40  Pylon  
  88  6:43  Immortal x2  
  88  6:45  Psionic Storm  
  88  6:46  Probe x2  
  98  6:58  Probe x2  
  100  7:03  Probe  
  101  7:09  Photon Cannon  
  101  7:10  Probe  
  101  7:11  Photon Cannon  
  101  7:12  Shield Battery, Zealot x3  
  108  7:20  Probe x2  
  108  7:22  Probe  
  111  7:23  Pylon  
  108  7:30  Immortal  
  108  7:32  Probe x2, Immortal  
  108  7:34  Probe  
  108  7:36  Protoss Ground Weapons Level 2  
  119  7:40  High Templar x3  
  119  7:41  High Templar  
  127  7:44  Probe  
  127  7:48  Zealot x2  
  132  7:54  Pylon, Probe  
  132  7:56  Pylon  
  133  7:58  Pylon  
  133  8:12  Pylon, Immortal, Probe x3  
  140  8:13  Pylon  
  140  8:15  High Templar x2  
  140  8:17  Pylon  
  144  8:24  Probe x2  
  146  8:29  Immortal  
  150  8:43  Nexus  
  150  8:51  Probe x3, Immortal  
  157  8:56  Zealot x6  
  157  8:57  Zealot  
  153  9:15  Archon x2  
  153  9:16  Archon  
  133  9:19  Probe, Warp Prism  
  133  9:23  Probe x2  
  132  9:24  Zealot x3  
  132  9:25  Zealot x4  
  132  9:31  Probe  
  146  9:35  Probe x2  
  146  9:37  Protoss Ground Armor Level 1  
  145  9:43  Probe  
  146  9:47  Assimilator, Probe  
  146  9:50  Assimilator, High Templar  
  146  9:51  High Templar x6  
  161  9:54  Pylon  
  161  9:56  Pylon  
  161  9:58  Archon x2  
  161  10:04  Immortal x2  
  169  10:17  Photon Cannon  
  169  10:18  Photon Cannon  
  169  10:20  Photon Cannon  
  169  10:24  Photon Cannon, High Templar x2  
  169  10:25  High Templar  
  169  10:26  Zealot x4  
  169  10:43  Immortal x2  
  175  10:52  Zealot x2  
  175  10:53  Zealot x2  
  171  11:07  High Templar x2  
  171  11:08  High Templar  
  169  11:17  Zealot x4  
  177  11:22  Immortal, Observer  
  178  11:29  Probe  
  171  11:40  Nexus  
  171  11:43  Pylon x2  
  171  11:44  Observer  
  171  11:46  Assimilator, Fleet Beacon  
  164  11:50  Assimilator  
  164  11:51  Stargate  
  164  11:53  Stargate  
  148  11:54  Stargate  
  148  11:56  High Templar  
  148  11:57  Zealot x3  
  148  11:58  Zealot x3  
  160  12:16  Observer x2  
  158  12:25  High Templar x3  
  158  12:27  Zealot x3  
  158  12:49  Zealot  
  158  12:50  Zealot x3  
  178  12:55  Probe x2  
  180  13:01  Pylon  
  180  13:07  Zealot x3  
  184  13:35  Zealot x5  
  184  13:36  Zealot x2  
Show
View Real Time Build Order
Export as new Build Order

Iceman Zerg 

Build Orders: Hatch First, Lurkers 

Get SALT Encoding   

  12  0:01  Drone  
  13  0:13  Overlord  
  13  0:17  Drone  
  14  0:31  Drone x2  
  16  0:50  Hatchery  
  16  0:52  Drone  
  16  0:56  Drone  
  17  1:00  Drone  
  18  1:10  Extractor  
  17  1:17  Spawning Pool  
  16  1:18  Drone  
  16  1:22  Drone  
  18  1:34  Drone  
  18  1:38  Overlord  
  19  1:54  Drone  
  20  2:05  Zergling x4, Queen x2  
  26  2:12  Drone  
  26  2:14  Drone  
  28  2:19  Metabolic Boost  
  28  2:22  Drone  
  29  2:28  Drone  
  30  2:33  Drone  
  31  2:46  Hatchery  
  31  2:51  Drone x2  
  32  2:52  Overlord  
  32  2:59  Queen  
  32  3:02  Drone  
  35  3:09  Drone  
  36  3:14  Drone x2  
  36  3:15  Drone  
  39  3:21  Overlord  
  39  3:22  Drone x2  
  39  3:23  Drone  
  42  3:28  Drone x2  
  42  3:33  Spore Crawler  
  43  3:34  Spore Crawler  
  43  3:36  Drone x2  
  44  3:42  Queen  
  44  3:44  Drone  
  44  3:45  Drone  
  48  3:53  Lair  
  48  3:54  Drone x2  
  50  4:00  Drone x3  
  53  4:05  Drone x2  
  53  4:07  Drone  
  53  4:09  Zergling x2  
  57  4:15  Spore Crawler  
  57  4:16  Roach Warren  
  55  4:17  Extractor  
  55  4:18  Extractor  
  55  4:19  Extractor  
  55  4:24  Overlord x2  
  52  4:42  Drone x11  
  62  4:47  Drone  
  62  4:50  Drone x2  
  62  4:51  Drone  
  66  4:58  Overlord x2  
  65  5:02  Glial Reconstitution  
  65  5:07  Drone  
  65  5:08  Overlord  
  65  5:09  Overlord  
  66  5:17  Extractor  
  66  5:18  Extractor  
  66  5:19  Drone x2  
  66  5:20  Drone x2, Hydralisk Den  
  67  5:22  Drone x3  
  67  5:23  Drone  
  67  5:25  Zergling x2  
  67  5:27  Zergling x2  
  73  5:28  Overseer  
  73  5:33  Drone  
  73  5:34  Evolution Chamber  
  73  5:36  Drone x2  
  73  5:37  Drone  
  73  5:38  Drone x3  
  79  5:50  Muscular Augments, Hydralisk x3  
  79  5:51  Hydralisk  
  79  5:53  Hydralisk  
  79  5:56  Hatchery, Overlord  
  88  5:58  Hydralisk  
  88  6:00  Hydralisk  
  88  6:03  Hydralisk  
  94  6:05  Hydralisk  
  94  6:10  Hydralisk  
  97  6:13  Overlord x2  
  97  6:18  Overlord, Zerg Missile Weapons Level 1  
  97  6:19  Overlord  
  97  6:33  Spine Crawler, Hydralisk x5  
  105  6:50  Hydralisk x6  
  117  6:56  Hydralisk x2  
  117  6:59  Overlord  
  117  7:00  Overlord  
  121  7:02  Baneling Nest  
  121  7:04  Hydralisk x2  
  124  7:11  Pneumatized Carapace  
  124  7:18  Drone x7  
  124  7:19  Drone  
  132  7:24  Grooved Spines  
  132  7:28  Spore Crawler  
  131  7:30  Spine Crawler  
  131  7:34  Spine Crawler  
  129  7:40  Zergling x2  
  129  7:41  Zergling x2  
  129  7:43  Hydralisk x2  
  129  7:44  Hydralisk x5  
  131  7:46  Overlord  
  131  7:49  Centrifical Hooks  
  145  7:52  Drone x3  
  148  7:59  Overlord  
  148  8:00  Overlord  
  148  8:07  Overlord  
  148  8:09  Zergling x12  
  148  8:10  Zergling x10  
  159  8:16  Lurker Den  
  159  8:18  Drone  
  159  8:19  Drone x5  
  164  8:22  Extractor  
  164  8:24  Extractor  
  162  8:34  Overlord  
  162  8:38  Baneling  
  162  8:39  Baneling x14  
  162  8:40  Baneling x3  
  162  8:47  Zerg Missile Weapons Level 2  
  162  8:48  Overlord  
  162  8:56  Zergling x18  
  162  8:57  Zergling x10  
  176  9:03  Overlord  
  153  9:15  Zergling x16  
  119  9:27  Hydralisk x4  
  122  9:31  Hydralisk x2  
  122  9:32  Hydralisk x2  
  122  9:34  Baneling x4  
  122  9:35  Baneling x6  
  129  9:43  Lurker  
  129  9:44  Lurker x6  
  129  9:45  Lurker  
  136  9:49  Overseer  
  136  9:58  Infestation Pit  
  136  9:59  Drone x2  
  137  10:00  Drone x2  
  131  10:24  Lurker x2  
  131  10:25  Lurker x4  
  131  10:26  Zergling x26  
  131  10:27  Zergling x4  
  102  10:52  Hydralisk x8  
  107  11:01  Hydralisk x2  
  105  11:06  Hydralisk  
  107  11:14  Hydralisk x5  
  107  11:15  Hatchery  
  111  11:19  Overseer  
  111  11:21  Hydralisk x3  
  111  11:24  Lurker x2  
  111  11:25  Lurker x4  
  114  11:37  Hydralisk x2  
  114  11:38  Hydralisk x2  
  93  11:47  Drone x5  
  90  11:54  Drone x2  
  91  12:04  Hydralisk x3  
  97  12:10  Hive  
  97  12:13  Spire  
  96  12:23  Drone x3  
  99  12:38  Hydralisk x9  
  115  12:46  Hydralisk  
  115  12:47  Hydralisk  
  115  12:48  Zergling x2  
  120  13:03  Hydralisk x3  
  120  13:05  Hatchery  
Tags
 
Add a new tag
Caveats
  • Supply blocks, unpowered buildings, or Contaminate may cause inaccurate times.
  • Supply counts are checked every 10 seconds.